PIO (24 & UNDER)
SALEM SLEDGEHAMMERS @ SEATTLE RAINIERS
07/27/2023
 
TOP OF THE 1ST
Salem Sledgehammers batting - Pitching for Seattle Rainiers : RHP Miguel Valenzuela
Pitching: RHP Miguel Valenzuela
Batting: RHB William Richardson 0-0: Ball
1-0: SINGLE (Groundball, 56)
Batting: RHB Brandon Pope 0-0: Ball
1-0: Called Strike
1-1: Fly out, F7 (Line Drive, 78M)
Batting: LHB Brent Alonzo 0-0: 2-RUN HOME RUN (Flyball, 8RXD), Distance : 443 ft
Batting: RHB Benjamin Lawson 0-0: Ball
1-0: Ball
2-0: Ball
3-0: Base on Balls
Batting: SHB Pepe Piña 0-0: Foul Ball, location: 2F
0-1: Swinging Strike
0-2: Ball
1-2: Strikes out looking
Batting: SHB Júlio Salazar 0-0: Ball
1-0: Called Strike
1-1: Called Strike
1-2: Strikes out swinging
Top of the 1st over - 2 run(s), 2 hit(s), 0 error(s), 1 left on base; Salem 2 - Seattle 0
BOTTOM OF THE 1ST
Seattle Rainiers batting - Pitching for Salem Sledgehammers : RHP Emery Graham
Pitching: RHP Emery Graham
Batting: RHB Chris Parker 0-0: SINGLE (Line Drive, 9S)
Batting: RHB Bill Dawson 0-0: Ball
1-0: Foul Ball, location: 2F
1-1: Called Strike
1-2: TRIPLE (Flyball, 89M)
Chris Parker scores
Batting: SHB Glenn Vadnais 0-0: Called Strike
0-1: Foul Ball, location: 2F
0-2: Ball
1-2: Foul Ball, location: 2F
1-2: Strikes out looking
Batting: LHB Brian Boone 0-0: Ball
1-0: Swinging Strike
1-1: Swinging Strike
1-2: Ball
2-2: Foul Ball, location: 2F
2-2: Ball
3-2: Strikes out swinging
Batting: LHB Norbert Mosley 0-0: Called Strike
0-1: Ball
1-1: Swinging Strike
1-2: Strikes out swinging
Bottom of the 1st over - 1 run(s), 2 hit(s), 0 error(s), 1 left on base; Salem 2 - Seattle 1
TOP OF THE 2ND
Salem Sledgehammers batting - Pitching for Seattle Rainiers : RHP Miguel Valenzuela
Batting: RHB Dale Reeves 0-0: Swinging Strike
0-1: Bunt for hit - play at first, batter OUT! 5-3
Batting: RHB B.J. Allen 0-0: DOUBLE (Flyball, 78M)
Batting: LHB Nathan Frey 0-0: Ball
1-0: Called Strike
1-1: Foul Ball, location: 2F
1-2: Strikes out swinging
Batting: RHB William Richardson 0-0: Foul Ball, location: 2F
0-1: Called Strike
0-2: Strikes out swinging
Top of the 2nd over - 0 run(s), 1 hit(s), 0 error(s), 1 left on base; Salem 2 - Seattle 1
BOTTOM OF THE 2ND
Seattle Rainiers batting - Pitching for Salem Sledgehammers : RHP Emery Graham
Batting: SHB Francisco Lópes 0-0: Foul Ball, location: 2F
0-1: Ball
1-1: Called Strike
1-2: Foul Ball, location: 2F
1-2: Strikes out looking
Batting: RHB Alejandro Ramos 0-0: Ball
1-0: Foul Ball, location: 2F
1-1: Foul Ball, location: 2F
1-2: Ball
2-2: Strikes out swinging
Batting: RHB Pedro Rodríguez 0-0: Ball
1-0: Ball
2-0: Ball
3-0: Called Strike
3-1: Called Strike
3-2: Strikes out swinging
Bottom of the 2nd over - 0 run(s), 0 hit(s), 0 error(s), 0 left on base; Salem 2 - Seattle 1
TOP OF THE 3RD
Salem Sledgehammers batting - Pitching for Seattle Rainiers : RHP Miguel Valenzuela
Batting: RHB Brandon Pope 0-0: Fly out, F4 (Line Drive, 4MD)
Batting: LHB Brent Alonzo 0-0: Ball
1-0: SINGLE (Flyball, 7LS)
Batting: RHB Benjamin Lawson 0-0: Called Strike
0-1: Ball
1-1: Ball
2-1: SINGLE (Line Drive, 9S)
Brent Alonzo to second
Batting: SHB Pepe Piña 0-0: Foul Ball, location: 2F
0-1: Ball
1-1: Ball
2-1: Called Strike
2-2: Strikes out swinging
Batting: SHB Júlio Salazar 0-0: Ball
1-0: Called Strike
1-1: Ground out 1-3 (Groundball, 23)
Top of the 3rd over - 0 run(s), 2 hit(s), 0 error(s), 2 left on base; Salem 2 - Seattle 1
BOTTOM OF THE 3RD
Seattle Rainiers batting - Pitching for Salem Sledgehammers : RHP Emery Graham
Batting: LHB Alan Moore 0-0: Ball
1-0: Ball
2-0: Swinging Strike
2-1: Swinging Strike
2-2: Foul Ball, location: 2F
2-2: Strikes out swinging
Batting: RHB Chris Parker 0-0: Called Strike
0-1: Swinging Strike
0-2: Strikes out swinging
Batting: RHB Bill Dawson 0-0: Swinging Strike
0-1: Swinging Strike
0-2: Ball
1-2: Foul Ball, location: 2F
1-2: Ball
2-2: Foul Ball, location: 2F
2-2: Strikes out swinging
Bottom of the 3rd over - 0 run(s), 0 hit(s), 0 error(s), 0 left on base; Salem 2 - Seattle 1
TOP OF THE 4TH
Salem Sledgehammers batting - Pitching for Seattle Rainiers : RHP Miguel Valenzuela
Batting: RHB Dale Reeves 0-0: Ball
1-0: Called Strike
1-1: Bunt for hit - play at first, batter safe!
Batting: RHB B.J. Allen 0-0: Ball
1-0: Called Strike
1-1: Swinging Strike
1-2: Strikes out swinging
Batting: LHB Nathan Frey 0-0: Ball
1-0: Foul Ball, location: 2F
1-1: SINGLE (Line Drive, 9LS)
Dale Reeves to second
Batting: RHB William Richardson 0-0: Called Strike
0-1: Ball
1-1: Ball
2-1: Ball
3-1: Foul Ball, location: 2F
3-2: Fly out, F6 (Popup, 6D)
Batting: RHB Brandon Pope 0-0: Foul Ball, location: 2F
0-1: Foul Ball, location: 2F
0-2: Ball
1-2: Strikes out swinging
Top of the 4th over - 0 run(s), 2 hit(s), 0 error(s), 2 left on base; Salem 2 - Seattle 1
BOTTOM OF THE 4TH
Seattle Rainiers batting - Pitching for Salem Sledgehammers : RHP Emery Graham
Batting: SHB Glenn Vadnais 0-0: Called Strike
0-1: Called Strike
0-2: Ball
1-2: Ball
2-2: Ball
3-2: Base on Balls
Batting: LHB Brian Boone 0-0: Called Strike
0-1: Ball
Wild Pitch!
Glenn Vadnais to second
1-1: Foul Ball, location: 2F
1-2: Strikes out looking
Batting: LHB Norbert Mosley 0-0: Called Strike
0-1: Foul Ball, location: 2F
0-2: Strikes out swinging
Batting: SHB Francisco Lópes 0-0: Called Strike
0-1: Ball
1-1: Ball
2-1: DOUBLE (Line Drive, 9LM)
Glenn Vadnais scores
Batting: RHB Alejandro Ramos 0-0: Called Strike
0-1: Ball
1-1: Swinging Strike
1-2: Strikes out swinging
Bottom of the 4th over - 1 run(s), 1 hit(s), 0 error(s), 1 left on base; Salem 2 - Seattle 2
TOP OF THE 5TH
Salem Sledgehammers batting - Pitching for Seattle Rainiers : RHP Miguel Valenzuela
Batting: LHB Brent Alonzo 0-0: Ball
1-0: Fly out, F8 (Flyball, 8LS)
Batting: RHB Benjamin Lawson 0-0: Called Strike
0-1: Swinging Strike
0-2: Hit by Pitch
Batting: SHB Pepe Piña 0-0: Ball
1-0: Ball
2-0: Foul Ball, location: 2F
2-1: DOUBLE (Line Drive, 9LS)
Benjamin Lawson to third
Batting: SHB Júlio Salazar 0-0: Ball
1-0: Ball
2-0: Fly out, F7 (Line Drive, 78S)
2-0: Lined into DP, 7-4 (Line Drive, 78S)
Top of the 5th over - 0 run(s), 1 hit(s), 0 error(s), 1 left on base; Salem 2 - Seattle 2
BOTTOM OF THE 5TH
Seattle Rainiers batting - Pitching for Salem Sledgehammers : RHP Emery Graham
Batting: RHB Pedro Rodríguez 0-0: Ball
1-0: Ball
2-0: Swinging Strike
2-1: Ball
3-1: Foul Ball, location: 2F
3-2: Base on Balls
Batting: LHB Alan Moore 0-0: Ball
1-0: Called Strike
1-1: Ball
2-1: Ball
3-1: Base on Balls
Pedro Rodríguez to second
Pitching: LHP Nick Johnson
Batting: RHB Chris Parker 0-0: Ball
1-0: Swinging Strike
1-1: SINGLE (Groundball, 56D)
Pedro Rodríguez to third
Alan Moore to second
Runner from 3rd tries for Home, SAFE, throw made home
Alan Moore to third
Chris Parker to second
Batting: RHB Bill Dawson 0-0: Ball
1-0: Foul Ball, location: 2F
1-1: Foul Ball, location: 2F
1-2: Strikes out swinging
Batting: SHB Glenn Vadnais 0-0: Intentional Walk
Batting: LHB Brian Boone 0-0: Foul Ball, location: 2F
0-1: Ball
1-1: Swinging Strike
1-2: Strikes out swinging
Batting: LHB Norbert Mosley 0-0: Fly out, F7 (Flyball, 7M)
Bottom of the 5th over - 1 run(s), 1 hit(s), 0 error(s), 3 left on base; Salem 2 - Seattle 3
TOP OF THE 6TH
Salem Sledgehammers batting - Pitching for Seattle Rainiers : RHP Miguel Valenzuela
Batting: RHB Dale Reeves 0-0: Ball
1-0: Called Strike
1-1: Called Strike
1-2: Strikes out swinging
Batting: RHB B.J. Allen 0-0: Ball
1-0: Called Strike
1-1: Foul Ball, location: 2F
1-2: Ball
2-2: Fly out, F9 (Flyball, 9D)
Batting: LHB Nathan Frey 0-0: Foul Ball, location: 2F
0-1: Foul Ball, location: 2F
0-2: Ball
1-2: Ball
2-2: Ball
3-2: Foul Ball, location: 2F
3-2: Foul Ball, location: 2F
3-2: Base on Balls
Pitching: RHP César Rodríguez
Batting: RHB William Richardson 0-0: SINGLE (Groundball, 6M)
Nathan Frey to second
Runner from 2nd tries for 3rd, SAFE, throw made to third
Batting: RHB Brandon Pope 0-0: Ball
1-0: Ball
2-0: Foul Ball, location: 2F
2-1: Ball
3-1: Fly out, F9 (Flyball, 9S)
Top of the 6th over - 0 run(s), 1 hit(s), 0 error(s), 2 left on base; Salem 2 - Seattle 3
BOTTOM OF THE 6TH
Seattle Rainiers batting - Pitching for Salem Sledgehammers : LHP Nick Johnson
Batting: SHB Francisco Lópes 0-0: Called Strike
0-1: Ball
1-1: Called Strike
1-2: Ball
2-2: Foul Ball, location: 2F
2-2: Foul Ball, location: 2F
2-2: Ground out 4-3 (Groundball, 4M)
Batting: RHB Alejandro Ramos 0-0: Ground out 5-3 (Groundball, 5)
Batting: RHB Pedro Rodríguez 0-0: Called Strike
0-1: Called Strike
0-2: Foul Ball, location: 2F
0-2: Ball
1-2: Ball
2-2: Ball
3-2: Strikes out swinging
Bottom of the 6th over - 0 run(s), 0 hit(s), 0 error(s), 0 left on base; Salem 2 - Seattle 3
TOP OF THE 7TH
Salem Sledgehammers batting - Pitching for Seattle Rainiers : RHP César Rodríguez
Batting: LHB Brent Alonzo 0-0: SINGLE (Line Drive, 89S)
Batting: RHB Benjamin Lawson 0-0: Called Strike
0-1: Foul Ball, location: 2F
0-2: Ball
1-2: 2-RUN HOME RUN (Flyball, 78XD), Distance : 429 ft
Batting: SHB Pepe Piña 0-0: Ball
1-0: Fly out, F6 (Popup, 56D)
Batting: SHB Júlio Salazar 0-0: Ball
1-0: Called Strike
1-1: Swinging Strike
1-2: Ball
2-2: Ball
3-2: Strikes out swinging
Batting: RHB Dale Reeves 0-0: Called Strike
0-1: Ball
1-1: Foul Ball, location: 2F
1-2: Strikes out swinging
Top of the 7th over - 2 run(s), 2 hit(s), 0 error(s), 0 left on base; Salem 4 - Seattle 3
BOTTOM OF THE 7TH
Seattle Rainiers batting - Pitching for Salem Sledgehammers : LHP Nick Johnson
Pitching: RHP Carlos Morán
Batting: LHB Alan Moore 0-0: Called Strike
0-1: SINGLE (Groundball, 6M)
Batting: RHB Chris Parker 0-0: Called Strike
0-1: Bunted foul
0-2: Ball
1-2: Fly out, F8 (Flyball, 8RD)
Pinch Hitting: LHB Tom Baker 0-0: Foul Ball, location: 2F
0-1: Foul Ball, location: 2F
0-2: Foul Ball, location: 2F
0-2: Ball
1-2: Ball
2-2: Strikes out swinging
Batting: SHB Glenn Vadnais 0-0: Called Strike
0-1: Ball
1-1: Fly out, F7 (Flyball, 7LMF)
Bottom of the 7th over - 0 run(s), 1 hit(s), 0 error(s), 1 left on base; Salem 4 - Seattle 3
TOP OF THE 8TH
Salem Sledgehammers batting - Pitching for Seattle Rainiers : RHP César Rodríguez
Now at 2B: Elpidio Martinho
Batting: RHB B.J. Allen 0-0: Fly out, F8 (Line Drive, 8LM)
Batting: LHB Nathan Frey 0-0: Ball
1-0: Ball
2-0: Called Strike
2-1: Swinging Strike
2-2: Strikes out swinging
Pitching: RHP Lúcio Feliciano
Batting: RHB William Richardson 0-0: Ball
1-0: Foul Ball, location: 2F
1-1: Foul Ball, location: 2F
1-2: Ball
2-2: Foul Ball, location: 2F
2-2: Ball
3-2: Base on Balls
Pinch Hitting: LHB José Rivera 0-0: Called Strike
0-1: Ball
1-1: Ball
2-1: DOUBLE (Line Drive, 9D)
William Richardson to third
Runner from 3rd tries for Home, SAFE, no throw or cutoff
Batting: LHB Brent Alonzo 0-0: Intentional Walk
Batting: RHB Benjamin Lawson 0-0: Swinging Strike
0-1: SINGLE (Line Drive, 9S)
José Rivera to third
Brent Alonzo to second
Runner from 3rd tries for Home, SAFE, no throw or cutoff
Batting: SHB Pepe Piña 0-0: Ball
1-0: Ball
2-0: Ball
3-0: Called Strike
3-1: Foul Ball, location: 2F
3-2: Base on Balls
Brent Alonzo to third
Benjamin Lawson to second
Batting: SHB Júlio Salazar 0-0: Ball
1-0: SINGLE (Line Drive, 7LS)
Brent Alonzo scores
Benjamin Lawson to third
Pepe Piña to second
Runner from 3rd tries for Home, SAFE, throw made home
Pepe Piña to third
Júlio Salazar to second
Pitching: RHP Leo MacIntosh
Batting: RHB Dale Reeves 0-0: Hit by Pitch
Batting: RHB B.J. Allen 0-0: Called Strike
0-1: Ball
1-1: Ball
2-1: Fly out, F7 (Flyball, 7M)
Top of the 8th over - 4 run(s), 3 hit(s), 0 error(s), 3 left on base; Salem 8 - Seattle 3
BOTTOM OF THE 8TH
Seattle Rainiers batting - Pitching for Salem Sledgehammers : RHP Carlos Morán
Now at 1B: José Rivera
Batting: LHB Brian Boone 0-0: Ball
1-0: Ball
2-0: Foul Ball, location: 2F
2-1: Foul Ball, location: 2F
2-2: Strikes out swinging
Batting: LHB Norbert Mosley 0-0: Ball
1-0: Called Strike
1-1: Ball
2-1: Ground out 1-3 (Groundball, 15)
Batting: SHB Francisco Lópes 0-0: Called Strike
0-1: Called Strike
0-2: Foul Ball, location: 2F
0-2: Strikes out looking
Bottom of the 8th over - 0 run(s), 0 hit(s), 0 error(s), 0 left on base; Salem 8 - Seattle 3
TOP OF THE 9TH
Salem Sledgehammers batting - Pitching for Seattle Rainiers : RHP Leo MacIntosh
Batting: LHB Nathan Frey 0-0: Ball
1-0: Called Strike
1-1: Ground out 4-3 (Groundball, 4)
Batting: RHB William Richardson 0-0: Ground out 2-3 (Groundball, 23)
Batting: LHB José Rivera 0-0: Foul Ball, location: 2F
0-1: Foul Ball, location: 2F
0-2: Ball
1-2: Ball
2-2: Strikes out swinging
Top of the 9th over - 0 run(s), 0 hit(s), 0 error(s), 0 left on base; Salem 8 - Seattle 3
BOTTOM OF THE 9TH
Seattle Rainiers batting - Pitching for Salem Sledgehammers : RHP Carlos Morán
Pitching: RHP Rick Haynes
Batting: RHB Alejandro Ramos 0-0: Ball
1-0: Foul Ball, location: 2F
1-1: Ball
2-1: Reached on error, E6 (Groundball, 6)
Batting: RHB Pedro Rodríguez 0-0: Ball
1-0: Ball
2-0: Called Strike
2-1: Foul Ball, location: 2F
2-2: Foul Ball, location: 2F
2-2: Strikes out looking
Batting: LHB Alan Moore 0-0: Ball
1-0: Called Strike
1-1: Ball
2-1: Ball
3-1: Ground out 4-3 (Groundball, 4)
Alejandro Ramos to third
Batting: RHB Chris Parker 0-0: Ball
1-0: SINGLE (Line Drive, 34)
Alejandro Ramos scores
Batting: RHB Elpidio Martinho 0-0: Ball
1-0: Foul Ball, location: 2F
1-1: Foul Ball, location: 2F
1-2: Ball
2-2: Foul Ball, location: 2F
2-2: Ball
3-2: Foul Ball, location: 2F
3-2: Strikes out swinging
Bottom of the 9th over - 1 run(s), 1 hit(s), 1 error(s), 1 left on base; Salem 8 - Seattle 4
This league is powered by Out of the Park Baseball, the baseball management simulation game for PC, Mac and Linux
Wednesday, December 2nd, 2015 - OOTP Baseball 16.8 Build 38